 Dungeon Crawl Stone Soup version 0.28.0-45-g0d030f2227 (webtiles) character file.

Game seed: 29140817761812245

34 DemonSlayer the Firebug (level 3, -1/24 HPs)
             Began as a Demonspawn Fire Elementalist on Apr 12, 2022.
             Slain by a scorpion (2 damage)
             ... on level 2 of the Dungeon.
             The game lasted 00:03:26 (2074 turns).

DemonSlayer the Firebug (DsFE)                      Turns: 2074, Time: 00:03:27

Health: -1/24      AC:  4    Str:  8    XL:     3   Next: 14%
Magic:  1/6        EV: 12    Int: 18    God:
Gold:   32         SH:  0    Dex: 13    Spells: 3/6 levels left

rFire   . . .      SeeInvis .   d - +0 club
rCold   . . .      Faith    +   (no shield)
rNeg    . . .      Spirit   .   a - +0 robe
rPois   .          Reflect  .   g - +2 hat {Will+}
rElec   .          Harm     .   (no cloak)
rCorr   .          Rampage  .   (no gloves)
Will    +....                   (no boots)
Stlth   ++........              c - amulet of faith
HPRegen 0.08/turn               (no ring)
MPRegen 0.10/turn               (no ring)

@: lethally poisoned (-1 -> -8), flying
A: weakness stinger 1
a: no special abilities


You were on level 2 of the Dungeon.
You visited 1 branch of the dungeon, and saw 2 of its levels.

You collected 32 gold pieces.

Inventory:

Hand Weapons
 d - a +0 club (weapon)
Armour
 a - a +0 robe (worn)
 g - a +2 hat of willpower (worn)
Jewellery
 c - an amulet of faith (around neck)
Scrolls
 b - 3 scrolls of identify {unknown}
 e - a scroll of blinking {unknown}
 f - a scroll of amnesia {unknown}


   Skills:
 + Level 0.1 Maces & Flails
 + Level 1.8 Dodging
 + Level 2.2 Stealth
 + Level 2.2 Spellcasting
 + Level 1.3 Conjurations
 + Level 3.3 Fire Magic


You had 3 spell levels left.
You knew the following spells:

 Your Spells              Type           Power      Damage    Failure   Level
a - Foxfire               Conj/Fire      40%        2x1d6     7%          1
b - Scorch                Fire           28%        2d6       7%          2

Your spell library contained the following spells:

 Spells                   Type           Power      Damage    Failure   Level
 Conjure Flame            Conj/Fire      10%        6-21      21%         3
 Inner Flame              Hex/Fire       8%         N/A       26%         3
 Flame Wave               Conj/Fire      10%        2d5       56%         4


Dungeon Overview and Level Annotations

Branches:
Dungeon (2/15)

Altars:


Innate Abilities, Weirdness & Mutations

You have a small tail.


Message History

Your foxfire dissipates!
A scorpion comes into view.
A scorpion is nearby!
A scorpion is nearby!
A scorpion is nearby!
Your foxfire dissipates! x3
Your foxfire dissipates!
You conjure some foxfire!
You conjure some foxfire!
The foxfire hits the scorpion but does no damage. x2
You hit the scorpion but do no damage.
The foxfire hits the scorpion.
The scorpion is moderately wounded.
The foxfire hits the scorpion.
The scorpion is moderately wounded.
The scorpion barely misses you.
You closely miss the scorpion. Your punch misses the scorpion.
The scorpion is moderately wounded.
The scorpion stings you.
The scorpion stings you but does no damage.
You hit the scorpion but do no damage.
The scorpion is moderately wounded.
The scorpion closely misses you.
You barely miss the scorpion.
Your tail-slap misses the scorpion.
The scorpion is moderately wounded.
The scorpion stings you.
You are poisoned.
The scorpion poisons you! The scorpion stings you.
It was a potion of flight.
You feel very buoyant.
You fly up into the air.
You feel very sick. The scorpion stings you!
* * * LOW HITPOINT WARNING * * *
You hit the scorpion. You tail-slap the scorpion.
The scorpion is heavily wounded.
* * * LOW HITPOINT WARNING * * *
You feel sick.
The scorpion stings you but does no damage.
The scorpion stings you.
You die...

####.#.# #.#.# #########
####.#.# #.......#
.....#.#######.......#
............##.......#
....#.......##.......########.
....#.......##..............ยง.
..............................
....#...........@s............
..............................
####...###...................#
.......# #####........#.....##
..^....#######................
.....................##.....#.
..............#...#).. .....#
.....>......................#
####..........#


You could see a scorpion.

Vanquished Creatures
  4 ball pythons
  3 bats
  3 endoplasms
  2 giant cockroaches (D:1)
  5 goblins
  3 hobgoblins (D:1)
  4 kobolds
  A quokka (D:1)
  A frilled lizard (D:1)
  2 rats (D:1)
28 creatures vanquished.

Vanquished Creatures (others)
  77 foxfires
77 creatures vanquished.

Grand Total: 105 creatures vanquished

Notes
Turn   | Place    | Note
-------+----------+-------------------------------------------
     0 | D:1      | DemonSlayer the Demonspawn Fire Elementalist began the
                  | quest for the Orb.
     0 | D:1      | Reached XP level 1. HP: 13/13 MP: 3/3
     2 | D:1      | Noticed a naga
     2 | D:1      | Noticed an elf
     4 | D:1      | Noticed a vine stalker
     6 | D:1      | Noticed a human
     8 | D:1      | Noticed a demigod
     8 | D:1      | Noticed a spriggan
    10 | D:1      | Noticed a vampire
    12 | D:1      | Noticed a tengu
    14 | D:1      | Noticed a merfolk
    14 | D:1      | Noticed a gargoyle
    16 | D:1      | Noticed a felid
    16 | D:1      | Noticed a formicid
    18 | D:1      | Noticed an octopode
    18 | D:1      | Noticed a dwarf
    20 | D:1      | Noticed a minotaur
    20 | D:1      | Noticed a ghoul
    22 | D:1      | Noticed a troll
    22 | D:1      | Noticed a draconian
    24 | D:1      | Noticed an ogre
    26 | D:1      | Noticed a demonspawn
   220 | D:1      | Reached skill level 3 in Fire Magic
   473 | D:1      | Discovered your monstrous ancestry.
   473 | D:1      | Gained mutation: You have a small tail. [demonic ancestry]
   473 | D:1      | Reached XP level 2. HP: 13/19 MP: 0/5
  1695 | D:2      | Learned a level 2 spell: Scorch
  1753 | D:2      | Reached XP level 3. HP: 18/24 MP: 2/6
  2060 | D:2      | Noticed a scorpion
  2074 | D:2      | HP: 1/24 [poisoned by a scorpion]
  2074 | D:2      | Slain by a scorpion

Illustrated notes

Levels and vault maps discovered:
D:1:      kb_arrival_jail, layout_rooms, corexii_item_surrounded_by_moat
D:2:      layout_basic, shapermc_ecumenical_altar_venn, basic_altar

Skill      XL: |  1  2 |
---------------+-------+-----
Fire Magic     | 3 |  3.3
Stealth        | 2 |  2.2
Maces & Flails | |  0.1
Dodging        | |  1.8
Spellcasting   | |  2.2
Conjurations   | |  1.3

Action                   || total
-------------------------++-------
Melee: Club              ||    40
       Tailslap          ||     4
 Cast: Foxfire           ||    53
  Use: Potion            ||     1
 Stab: Distracted        ||     1
       Sleeping          ||     1
Armor: Robe              ||     9
Dodge: Dodged            ||    26
